Map: Orbital Shipyard

Players

ProPenguin

  • Race: Terran Terran
  • League: Platinum

Iris - Winner!

  • Race: Terran Terran
  • League: Master

VOD

Have the link to the VOD?

Description

Time

  • Played on: Aug. 12, 2015, 6:15 p.m.
  • Length: 23:14
Show
View Real Time Build Order
Export as new Build Order

ProPenguin Terran 

Build Orders: MMM Bio 

Get SALT Encoding   

  12  0:01  SCV  
  13  0:13  SCV  
  14  0:18  Supply Depot  
  14  0:25  SCV  
  15  0:40  SCV  
  15  0:42  Barracks  
  16  0:47  Refinery  
  16  0:52  SCV  
  18  1:04  SCV  
  18  1:16  SCV  
  19  1:33  Marine  
  19  1:35  Supply Depot  
  19  1:50  Orbital Command  
  19  1:51  Marine  
  19  1:53  Barracks  
  20  2:02  Factory  
  20  2:09  Marine  
  21  2:16  SCV  
  22  2:27  Marine  
  23  2:35  Supply Depot  
  23  2:41  SCV, Marine  
  25  2:44  Marine  
  25  2:47  Factory Reactor  
  25  2:49  Command Center  
  26  2:55  SCV  
  27  3:04  Marine  
  29  3:08  Barracks Tech Lab  
  29  3:11  SCV  
  29  3:15  Supply Depot  
  29  3:23  SCV  
  34  3:27  Hellion x2  
  34  3:29  Marine  
  34  3:34  Refinery  
  35  3:35  SCV  
  35  3:41  Barracks Reactor  
  36  3:47  SCV  
  41  3:48  Hellion x2  
  41  3:52  Marine  
  42  4:06  SCV  
  43  4:11  Marine  
  43  4:12  Barracks  
  43  4:13  Barracks  
  43  4:15  Stimpack  
  44  4:19  SCV  
  45  4:24  Orbital Command  
  45  4:30  Marine x2  
  47  4:34  SCV  
  48  4:42  Marine  
  48  4:44  Hellion  
  51  4:46  SCV  
  51  4:48  Hellion  
  51  4:52  Marine  
  55  4:53  SCV  
  55  4:58  SCV  
  55  4:59  Marine  
  58  5:01  Barracks Reactor  
  58  5:03  Barracks Reactor  
  58  5:05  SCV  
  58  5:06  Marine  
  60  5:10  Marine  
  62  5:20  Supply Depot, Marine  
  62  5:26  Factory Tech Lab  
  62  5:28  Marine  
  61  5:30  Marine  
  61  5:34  Supply Depot  
  62  5:36  Supply Depot  
  62  5:42  SCV  
  58  5:53  Marine x2  
  59  5:57  Marine x2  
  59  5:58  Siege Tank  
  59  5:59  Marine  
  59  6:02  SCV x2  
  59  6:18  SCV x2  
  59  6:22  Marine  
  59  6:23  Marine x4  
  54  6:29  Marine  
  54  6:30  SCV x2, Marine  
  51  6:40  Marine  
  51  6:41  Starport  
  51  6:42  SCV  
  51  6:43  SCV  
  54  6:50  Marine x3  
  54  6:53  Command Center  
  57  6:54  SCV  
  57  6:55  SCV  
  59  7:04  Marine x3  
  59  7:05  Marine  
  59  7:06  SCV, Siege Tank  
  59  7:07  SCV  
  59  7:08  Combat Shields  
  68  7:16  Engineering Bay  
  68  7:17  Engineering Bay  
  68  7:18  SCV  
  68  7:20  Marine x3  
  72  7:24  Medivac x2  
  72  7:26  Marine  
  77  7:30  SCV x2  
  77  7:35  Marine x2  
  81  7:39  Supply Depot  
  81  7:40  Supply Depot  
  81  7:42  SCV  
  81  7:44  Terran Infantry Weapons Level 1, Refinery  
  82  7:45  Refinery  
  82  7:47  Terran Infantry Armor Level 1  
  82  7:48  SCV  
  83  7:54  Marine x2  
  83  7:55  Marine  
  86  8:01  SCV x2, Marine x3  
  86  8:03  Marine  
  92  8:12  Marine  
  93  8:17  Marine x2  
  93  8:18  Medivac x2  
  93  8:19  Marine  
  100  8:21  SCV x2, Orbital Command  
  100  8:26  Marine x2  
  104  8:29  Marine  
  104  8:30  Marine  
  104  8:33  SCV  
  104  8:34  SCV  
  108  8:42  Marine x3  
  108  8:43  Refinery  
  108  8:45  SCV  
  108  8:46  SCV  
  113  8:49  Refinery  
  113  8:55  SCV  
  113  8:56  Marine x3  
  117  9:05  SCV x2  
  113  9:11  Marine x3  
  113  9:12  Medivac, Siege Tank, Marine  
  113  9:13  Medivac  
  113  9:14  Marine  
  112  9:17  SCV x2  
  112  9:21  Marine x2  
  113  9:29  Marine x3  
  113  9:31  Marine  
  113  9:36  Barracks  
  113  9:38  Barracks  
  106  9:39  Barracks, Marine x3  
  106  9:44  Armory  
  109  9:47  Marine x3  
  109  9:49  Marine  
  113  9:57  Marine x3  
  113  9:59  Command Center  
  116  10:05  Marine  
  117  10:11  Supply Depot  
  117  10:12  Supply Depot  
  117  10:20  Marine x3  
  110  10:24  Marine  
  90  10:37  Marine  
  90  10:38  Marine x2  
  90  10:39  Siege Tank  
  90  10:40  Medivac x2  
  90  10:41  Marine  
  104  10:45  SCV x3  
  102  10:50  Barracks Tech Lab  
  102  10:51  Barracks Tech Lab x2, Marine  
  102  10:52  Marine x2  
  105  10:57  Terran Infantry Weapons Level 2  
  105  10:58  Terran Infantry Armor Level 2  
  105  11:01  Marine x4  
  109  11:05  Terran Ship Weapons Level 1  
  109  11:09  Marine  
  109  11:10  Medivac x2  
  109  11:11  SCV x2  
  116  11:12  Planetary Fortress  
  116  11:15  Marine x2  
  120  11:19  Marine x3  
  120  11:20  Marauder x2  
  120  11:21  Marine, Concussive Shells, Marauder  
  128  11:27  Marine  
  128  11:28  SCV x2  
  128  11:29  Starport  
  128  11:30  Starport  
  131  11:32  Refinery  
  131  11:33  Refinery  
  131  11:36  Marine  
  131  11:37  Marine  
  134  11:46  SCV x3, Marine  
  143  11:47  Siege Tank  
  143  11:48  Medivac  
  143  11:49  Medivac  
  143  11:50  Marauder x2  
  148  11:56  Marauder  
  148  11:59  SCV, Marine x2  
  143  12:03  Liberator x2  
  143  12:08  Marine x2  
  127  12:11  Marauder x2  
  127  12:13  Marine x2  
  134  12:17  Marauder, Marine x2, Starport Tech Lab x2  
  144  12:24  SCV x3  
  144  12:29  Fusion Core  
  147  12:32  Starport  
  147  12:33  Liberator  
  147  12:34  Liberator  
  147  12:41  Marauder  
  147  12:44  Marauder  
  147  12:47  Marauder, Marine x4  
  131  13:01  Terran Ship Weapons Level 2, Supply Depot  
  131  13:02  Supply Depot, Marauder  
  131  13:03  Supply Depot  
  132  13:05  Command Center  
  132  13:10  Marine x2  
  132  13:11  Marine, Marauder x2  
  139  13:15  Liberator x2  
  127  13:36  Battlecruiser  
  127  13:40  Battlecruiser  
  139  13:54  Marine  
  139  13:55  Marine x7  
  144  13:56  Marine  
  148  14:06  Starport Tech Lab  
  148  14:12  Marine x3  
  148  14:13  Marine x2  
  153  14:24  Command Center  
  153  14:26  Refinery  
  141  14:40  Marine  
  141  14:41  Marauder x2, Marine x2  
  141  14:44  Battlecruiser, Viking x2  
  141  14:45  Battlecruiser  
  129  15:10  Marauder x2, Marine x4  
  129  15:12  Liberator x2  
  137  15:16  Behemoth Reactor  
  135  15:27  Marine x4  
  135  15:28  Marine x2  
  138  15:30  Battlecruiser  
  144  15:44  Refinery  
  144  15:51  Planetary Fortress  
  144  15:52  Sensor Tower  
  144  15:55  Battlecruiser  
  144  15:56  Marine  
  144  15:57  Marine x4  
  151  15:59  Battlecruiser  
  151  16:02  Marine x2  
  151  16:03  Marine x2  
  162  16:22  Marine x2  
  162  16:23  Marine x4  
  160  16:41  Marine x2  
  144  16:54  Marine x2  
  144  16:55  Marine x5  
  135  17:12  Marine x2  
  135  17:13  Marine x5  
  107  17:31  Battlecruiser x2, Viking x2  
  107  17:34  Marine x2  
  107  17:35  Marine x7  
  131  17:48  Battlecruiser  
  137  17:52  Marine x3  
  137  17:53  Marine  
  137  17:56  Marine  
  137  17:57  Marine x2  
  138  18:14  Marine x7  
  138  18:15  Viking x2  
  138  18:18  Barracks  
  146  18:20  Barracks  
  146  18:21  Barracks  
  146  18:23  Command Center  
  120  18:36  Marine x2  
  120  18:37  Marine x3, Marauder x2  
  120  18:38  Marauder  
  114  18:54  Command Center  
  111  19:11  Marauder  
  111  19:12  Marauder x2  
  111  19:14  Banshee  
  111  19:15  Banshee  
  122  19:19  Marine  
  122  19:20  Marine x2  
  125  19:32  Marauder  
  125  19:50  Marine  
  125  19:51  Marine  
  112  20:19  Marine  
  112  20:20  Marine x7  
  112  20:21  Marine x4  
  122  20:22  Banshee  
  122  20:23  Banshee x2  
  133  20:30  Medivac x2  
  137  20:48  Marine x6  
  143  21:09  Marine  
  120  21:26  Marine x3  
  120  21:27  Orbital Command, Marine x4  
  120  21:28  Banshee  
  120  21:29  Viking  
  111  21:43  Marine  
  111  21:44  Marauder, Marine  
  115  21:52  Marine  
  115  21:53  Marine x4  
  89  22:18  Marine x7  
  89  22:19  Marine  
  70  22:33  Marine x2  
  59  22:37  Marine x2  
  59  22:41  Marine x3  
Show
View Real Time Build Order
Export as new Build Order

Iris Terran - Winner!

Build Orders: Liberator Opening, Mech 

Get SALT Encoding   

  12  0:01  SCV  
  13  0:13  SCV  
  14  0:25  SCV  
  15  0:31  Supply Depot  
  15  0:53  SCV  
  16  0:57  Barracks  
  16  1:05  SCV  
  17  1:22  Refinery  
  17  1:23  Refinery  
  17  1:26  SCV  
  18  1:33  Command Center  
  18  1:41  Supply Depot  
  18  1:47  Orbital Command  
  18  1:53  Marine  
  19  2:04  Supply Depot  
  19  2:15  SCV  
  19  2:22  Factory  
  19  2:29  SCV  
  20  2:33  Barracks Reactor  
  20  2:43  SCV  
  21  2:46  Orbital Command  
  21  2:56  SCV  
  22  3:08  Starport  
  22  3:15  Hellion  
  22  3:16  SCV x2, Hellion  
  28  3:22  Barracks Tech Lab  
  28  3:28  SCV x2  
  28  3:33  Liberator  
  30  3:36  Hellion  
  30  3:40  SCV  
  33  3:44  Hellion  
  35  3:49  SCV  
  39  3:58  Armory  
  39  3:59  SCV  
  40  4:03  SCV  
  41  4:11  SCV  
  41  4:15  SCV, Siege Tank  
  46  4:21  Engineering Bay  
  46  4:23  SCV  
  47  4:27  SCV  
  48  4:35  SCV  
  49  4:39  SCV  
  49  4:43  Medivac  
  52  4:47  Command Center  
  52  4:48  SCV  
  53  4:56  SCV  
  54  5:00  Supply Depot  
  54  5:04  Missile Turret  
  54  5:07  Refinery  
  54  5:08  Refinery, Missile Turret  
  54  5:12  Missile Turret  
  54  5:22  Siege Tank  
  57  5:32  Missile Turret  
  57  5:33  SCV x2  
  57  5:34  Missile Turret  
  57  5:45  SCV x2  
  53  5:54  Siege Tank  
  53  5:55  Factory x2  
  52  6:00  SCV x2  
  52  6:03  Command Center  
  54  6:12  SCV x2  
  56  6:22  Missile Turret  
  56  6:24  SCV  
  57  6:28  SCV  
  57  6:29  Planetary Fortress  
  58  6:36  SCV  
  59  6:41  Refinery  
  59  6:42  Missile Turret  
  59  6:43  Supply Depot  
  59  6:45  Missile Turret  
  59  6:46  SCV, Refinery, Missile Turret, Supply Depot  
  60  6:49  Viking  
  60  6:52  SCV  
  63  6:56  Factory Tech Lab  
  63  6:57  Factory Reactor  
  63  7:06  SCV x2, Missile Turret, Supply Depot  
  65  7:10  Cyclone  
  68  7:16  Missile Turret  
  68  7:20  Terran Vehicle Weapons Level 1  
  68  7:21  Armory  
  68  7:23  Orbital Command  
  68  7:25  SCV  
  68  7:29  SCV x2  
  71  7:37  SCV  
  72  7:41  SCV x2  
  72  7:43  Fusion Core  
  74  7:46  Missile Turret  
  74  7:48  Drilling Claws  
  74  7:49  SCV, Infernal Pre-Igniter  
  74  7:51  SCV  
  76  7:53  SCV x2  
  78  8:01  SCV  
  78  8:03  SCV, Missile Turret  
  78  8:05  SCV x2  
  82  8:13  SCV  
  82  8:15  SCV  
  82  8:16  Supply Depot x2  
  82  8:17  SCV x2  
  82  8:18  Factory  
  86  8:24  Cyclone  
  86  8:25  SCV  
  90  8:27  SCV, Cyclone  
  90  8:29  SCV x2, Starport Tech Lab  
  96  8:35  Hellion x2  
  96  8:37  SCV  
  96  8:39  SCV  
  102  8:41  SCV x2  
  104  8:49  SCV  
  104  8:51  SCV  
  104  8:53  SCV  
  107  9:00  Supply Depot  
  80  9:19  Hellion x4  
  88  9:27  SCV x4  
  90  9:32  Hellion x2  
  90  9:34  Orbital Command  
  94  9:39  SCV  
  94  9:40  Hellion  
  94  9:41  Hellion  
  99  9:51  SCV x3, Missile Turret  
  103  9:54  Missile Turret  
  102  10:03  SCV  
  103  10:08  Factory  
  103  10:09  Command Center  
  103  10:10  Command Center  
  103  10:12  Factory  
  103  10:15  Command Center  
  103  10:17  Factory x3  
  103  10:19  Factory  
  90  10:38  SCV x2  
  92  10:43  SCV x2  
  93  10:59  Raven  
  93  11:00  Factory Tech Lab, Cyclone x2  
  101  11:08  Hellion x4  
  101  11:09  Hellion x2  
  113  11:16  Factory Tech Lab  
  113  11:17  SCV x4, Missile Turret  
  117  11:32  Cyclone  
  120  11:33  Armory x2, Cyclone x2  
  120  11:34  Building Armor  
  120  11:35  Cyclone  
  129  11:49  Missile Turret  
  129  11:52  Missile Turret  
  129  11:54  Missile Turret  
  129  11:58  Missile Turret  
  129  12:00  Planetary Fortress  
  120  12:04  Cyclone  
  120  12:05  Cyclone x2  
  121  12:15  Factory Tech Lab x2  
  118  12:25  Siege Tank  
  121  12:30  Planetary Fortress  
  121  12:36  Siege Tank  
  122  12:37  Refinery, Siege Tank  
  122  12:40  Refinery  
  121  12:49  Hellion x2  
  97  12:52  SCV x2  
  97  12:53  SCV x2  
  97  12:54  Cyclone x3  
  97  12:55  Hellion  
  97  12:56  Hellion  
  97  12:57  Cyclone  
  113  13:04  SCV x2  
  115  13:14  Hi-Sec Auto Tracking  
  101  13:25  Unknown  
  101  13:26  Unknown  
  92  13:35  SCV x4  
  92  13:36  SCV x2  
  98  13:49  Planetary Fortress  
  98  13:53  Cyclone  
  100  14:04  SCV x5  
  105  14:10  Siege Tank  
  105  14:11  Siege Tank  
  105  14:12  Widow Mine x2  
  105  14:16  SCV x4  
  119  14:18  SCV  
  119  14:21  SCV  
  115  14:28  SCV  
  96  14:40  Cyclone x3  
  96  14:41  Hellion  
  96  14:42  Hellion x4  
  107  14:52  Cyclone x3  
  113  15:12  Cyclone  
  116  15:19  Cyclone x2  
  118  15:30  Cyclone x2  
  118  15:31  Hellion x3  
  118  15:32  Hellion  
  118  15:34  SCV  
  118  15:35  SCV  
  134  15:43  SCV  
  134  15:44  SCV x3  
  134  15:48  SCV x2  
  140  15:51  Cyclone x2  
  146  15:59  Widow Mine x2  
  146  16:00  Widow Mine x2  
  146  16:02  Widow Mine  
  156  16:07  Cyclone  
  147  16:35  Cyclone x3  
  154  16:43  Hellion x3  
  158  16:47  Terran Vehicle Weapons Level 2  
  155  16:54  Hellion x3  
  155  17:03  Widow Mine x2  
  155  17:04  Hellion x2, Widow Mine  
  155  17:05  Hellion  
  155  17:06  Widow Mine  
  163  17:15  Hellion x3  
  164  17:22  Cyclone x2  
  149  17:32  Hellion x3, Cyclone  
  149  17:33  Cyclone  
  149  17:36  Refinery  
  149  17:37  Hellion x3, Refinery  
  159  17:46  Missile Turret  
  159  17:47  SCV x2, Missile Turret x2  
  159  17:48  SCV, Terran Vehicle And Ship Armor Level 1  
  162  17:52  Hellion x2  
  162  17:53  Hellion x2  
  162  17:54  SCV, Hellion x2  
  162  17:57  SCV  
  162  17:58  Hellion x3  
  182  18:11  Cyclone  
  183  18:13  Hellion  
  185  18:20  Hellion  
  185  18:22  Hellion  
  185  18:23  Hellion  
  185  18:26  Hellion  
  185  18:27  Hellion  
  185  18:29  Hellion  
  185  18:33  Cyclone  
  178  18:41  Cyclone  
  178  18:42  Hellion, Cyclone x2  
  185  18:49  Hellion  
  185  18:50  Hellion  
  185  18:51  Hellion  
  185  18:52  Cyclone  
  182  18:57  Widow Mine  
  182  18:59  Widow Mine  
  182  19:02  SCV  
  185  19:05  Supply Depot x2  
  185  19:06  Supply Depot  
  185  19:09  SCV x2  
  185  19:13  Command Center  
  185  19:21  Command Center  
  185  19:22  SCV x2  
  185  19:26  Missile Turret x2, Widow Mine x2  
  185  19:27  Cyclone x2, Hellion x4  
  185  19:29  Refinery  
  172  20:11  Missile Turret x2  
  172  20:12  Missile Turret  
  172  20:13  Missile Turret  
  169  20:31  Refinery  
  169  20:32  Planetary Fortress  
  169  20:35  Cyclone, Missile Turret  
  169  20:36  Cyclone x3  
  184  20:44  Widow Mine x3  
  192  20:51  Hellion x3  
  192  20:52  Hellion  
  192  20:53  Terran Vehicle And Ship Armor Level 2, Hellion  
  197  21:02  Sensor Tower  
  197  21:05  Missile Turret  
  190  21:23  Cyclone x2  
  186  21:34  Hellion x2  
  186  21:37  Siege Tank  
  192  21:43  Hellion  
  194  21:51  Orbital Command  
  194  21:52  Missile Turret  
  194  21:53  Hellion x2  
  198  21:54  Missile Turret  
  198  21:55  Hellion  
  200  22:05  Hellion  
  200  22:15  Command Center x2  
  198  22:17  Command Center, Missile Turret  
  198  22:18  Missile Turret  
  198  22:20  Refinery  
  183  22:24  Refinery  
  171  22:38  Cyclone x3  
  171  22:42  Missile Turret  
  172  22:45  Missile Turret x2  
  172  22:47  Missile Turret  
Tags
 
Add a new tag
Caveats
  • Supply blocks, unpowered buildings, or Contaminate may cause inaccurate times.
  • Supply counts are checked every 10 seconds.